AoeStats
← Malik Bhai

Arabia

509135241Analyzed
1v1 RM · 6d ago on Sep 25, 2026· 55m 1s· 2 players
Game mode
Random Map
Map size
Tiny (2 player)
Population
200
Speed
Normal
Resources
Standard
Victory
Conquest
Starting age
Dark Age
Ending age
Imperial Age
RankedLock teamsTeams togetherTeam positionsShared explorationLock speedFull tech treeHidden civsTurbo modeCheats
Victory
Defeat
🇺🇸 Maya · United States
1565
+18
🇵🇰 Slavs · Pakistan
1619
-18
joethebro229
0:27 Loom
9:03 Feudal Age
11:13 Double-Bit Axe
20:34 Castle Age
19:09 Fletching
20:35 Crossbowman
21:12 Bodkin Arrow
23:14 Ballistics
23:40 Padded Archer Armor
24:59 Leather Archer Armor
27:33 Wheelbarrow
27:50 Thumb Ring
35:29 Imperial Age
36:11 Bracer
38:57 Hand Cart
40:12 Chemistry
40:27 Horse Collar
41:19 Arbalester
43:17 Ring Archer Armor
47:22 Eagle Warrior
48:03 Squires
47:49 Arson
48:06 Scale Mail Armor
48:16 Forging
49:07 Elite Eagle Warrior
50:20 Holcans
50:16 Chain Mail Armor
50:37 Iron Casting
54:19 Plate Mail Armor
Malik Bhai
6:28 Loom
8:49 Feudal Age
9:35 Double-Bit Axe
11:07 Horse Collar
20:18 Castle Age
18:33 Gold Mining
18:55 Scale Barding Armor
19:01 Forging
19:52 Bloodlines
22:46 Chain Barding Armor
30:44 Wheelbarrow
35:44 Imperial Age
36:35 Bow Saw
36:25 Heavy Plow
35:49 Onager
39:11 Man-at-Arms
39:52 Squires
40:48 Scale Mail Armor
41:23 Iron Casting
42:09 Heavy Plow
41:38 Long Swordsman
43:33 Chain Mail Armor
43:27 Two-Handed Swordsman
45:08 Blast Furnace
44:39 Detinets
47:07 Champion
49:37 Plate Mail Armor
52:24 Siege Onager
Connection lost

Rejoining the realm…

Still unreachable

The connection could not be restored.

Session expired

The server has moved on; the page needs a fresh start.